 Dungeon Crawl Stone Soup version 0.32-a0-522-g3863d58 (webtiles) character file.

Game seed: 39195255965064000

406 skewfiend the Chopper (level 7, -5/56 HPs)
             Began as a Formicid Fighter on Feb 26, 2024.
             Slain by Grinder (6 damage)
             ... on level 4 of the Dungeon on Feb 27, 2024.
             The game lasted 00:11:16 (2370 turns).

skewfiend the Chopper (Formicid Fighter)            Turns: 2370, Time: 00:11:17

Health: -5/56      AC:  8    Str: 21    XL:     7   Next: 12%
Magic:  7/7        EV:  9    Int:  7    God:
Gold:   135        SH:  5    Dex: 15    Spells: 6/6 levels left

rFire   . . .        d - +0 broad axe
rCold   . . .        c - +0 buckler
rNeg    . . .        b - +0 scale mail
rPois   .            (helmet unavailable)
rElec   .            (no cloak)
rCorr   .            m - +0 pair of gloves
SInv    +            (no boots)
Will    .....        (no amulet) Stlth
                     (no ring)
HPRegen 0.29/turn    (no ring)
MPRegen 0.10/turn

%: no passive effects
@: lethally poisoned (-5 -> -7)
A: permanent stasis, dig shafts and tunnels, antennae 3, four strong arms
a: Dig, Shaft Self


You were on level 4 of the Dungeon.
You visited 1 branch of the dungeon, and saw 4 of its levels.

You collected 187 gold pieces.
You spent 52 gold pieces at shops.

Inventory:

Hand Weapons
 a - a +0 war axe
 d - a +0 broad axe (weapon)
 h - a +1 dagger of freezing
Missiles
 e - 27 stones
 g - 3 javelins
 o - 2 throwing nets
 q - 6 poisoned darts
Armour
 b - a +0 scale mail (worn)
 c - a +0 buckler (worn)
 m - a +0 pair of gloves (worn)
Jewellery
 l - an amulet of magic regeneration
Wands
 p - a wand of iceblast (10)
Scrolls
 f - a scroll of fear {unknown}
 i - 6 scrolls of identify {unknown}
 k - 2 scrolls of teleportation {unknown}


   Skills:
 + Level 5.4 Fighting
 * Level 5.9 Axes
 - Level 3.2 Armour
 - Level 4.0 Shields


You had 6 spell levels left.
You didn't know any spells.
Your spell library contained the following spells:

 Spells                   Type           Power      Damage    Failure   Level
 Summon Forest            Summ/Tloc      0%         N/A       100%        5
 Summon Mana Viper        Hex/Summ       0%         N/A       100%        5
 Summon Cactus Giant      Summ           0%         N/A       100%        6
 Chain Lightning          Conj/Air       0%         N/A       100%        9
 Fire Storm               Conj/Fire      0%         5d1       100%        9
 Shatter                  Erth           0%         3d5*      100%        9


Dungeon Overview and Level Annotations

Branches:
Dungeon (4/15)
 Temple: D:4-7

Altars:
Xom

Shops:
D:2 *   D:3 (

Annotations:
D:4 Grinder


Innate Abilities, Weirdness & Mutations

You cannot be hasted, slowed, berserked, paralysed or teleported.
You can dig through walls and to a lower floor.
You have a pair of large antennae on your head. (SInv)
Your four strong arms can wield two-handed weapons with a shield.


Message History

You barely miss the ribbon worm. You hit Grinder but do no damage.
You closely miss the adder. The adder barely misses you.
Grinder hits you but does no damage. The ribbon worm bites you.
A giant cockroach comes into view.
Natasha claws you. The adder bites you but does no damage.
You block Grinder's attack.
Unknown command.
You closely miss Natasha.
Natasha is severely wounded.
You barely miss the ribbon worm. You barely miss Grinder. You miss the adder.
The ribbon worm closely misses you. The adder bites you but does no damage.
Natasha claws you. Grinder hits you but does no damage.
Unknown command.
You barely miss Natasha.
Natasha is severely wounded.
You slash the ribbon worm! You closely miss Grinder. You miss the adder.
The adder bites you.
You are poisoned.
The adder poisons you! Natasha closely misses you.
The ribbon worm bites you but does no damage.
Grinder gestures at you. Pain shoots through your body!
* * * LOW HITPOINT WARNING * * *
The adder bites you but does no damage. Natasha closely misses you.
Unknown command.
Unknown command.
You barely miss Grinder.
Grinder is moderately wounded.
You slash Natasha!
You kill Natasha!
Natasha growls in agony!
You closely miss the adder. You slash the ribbon worm!
You kill the ribbon worm!
You feel sick. The adder bites you but does no damage. Grinder gestures at you.
Pain shoots through your body!
* * * LOW HITPOINT WARNING * * *
The adder closely misses you. Grinder hits you.
You die...
Grinder sighs, "Dead already?
I want a refund."

#..## ##)## .# #..#
..########†#####
h.............#
..#######.###..... #.
#...##...... #.
####†.....(.# #
.#####.##.B@S....>(.#
......>.#.)5#.####.##
#.####........# #
#.####...... #.
,....##.. #. ,##..# .
## ..# ..# .#


You could see Grinder, an adder and a giant cockroach.

Vanquished Creatures
  Sigmund (D:2)
  A black bear (D:4)
  Natasha (D:4)
  A sleepcap (D:2)
  4 adders
  4 dart slugs
  2 ribbon worms
  An orc (D:3)
  8 bats
  5 endoplasms
  A giant cockroach (D:1)
  5 goblins
  2 hobgoblins
  17 jackals
  8 kobolds
  2 quokkas
  4 ball pythons
  4 frilled lizards
  15 rats
86 creatures vanquished.

Notes
Turn   | Place    | Note
-------+----------+-------------------------------------------
     0 | D:1      | skewfiend the Formicid Fighter began the quest for the Orb.
     0 | D:1      | Reached XP level 1. HP: 18/18 MP: 1/1
   162 | D:1      | Reached XP level 2. HP: 24/24 MP: 2/2
   273 | D:1      | Reached XP level 3. HP: 28/30 MP: 3/3
   731 | D:1      | Upgraded the game from 0.32-a0-485-g70f7560 to
                  | 0.32-a0-522-g3863d58
   954 | D:2      | Reached XP level 4. HP: 36/37 MP: 4/4
  1023 | D:2      | Noticed Sigmund
  1039 | D:2      | Killed Sigmund
  1040 | D:2      | Reached XP level 5. HP: 23/43 MP: 5/5
  1040 | D:2      | Reached XP level 6. HP: 27/50 MP: 6/6
  1041 | D:2      | Reached skill level 5 in Axes
  1310 | D:2      | Found Higehomegg's Assorted Antiques.
  1318 | D:2      | Bought a bubbling orange potion for 16 gold pieces
  1318 | D:2      | Bought a scroll labelled UKHYOT XUCAIDI for 18 gold pieces
  1318 | D:2      | Bought a scroll labelled UKHYOT XUCAIDI for 18 gold pieces
  1446 | D:2      | Reached skill level 5 in Fighting
  2013 | D:3      | Found a shimmering altar of Xom.
  2053 | D:3      | Found Wysach's Antique Weapon Emporium.
  2254 | D:4      | Noticed a black bear
  2272 | D:4      | Killed a black bear
  2273 | D:4      | Reached XP level 7. HP: 36/56 MP: 7/7
  2338 | D:4      | Noticed Grinder
  2354 | D:4      | Noticed Natasha
  2370 | D:4      | Killed Natasha
  2370 | D:4      | HP: 1/56 [Grinder/nerve-wracking pain (9)]
  2370 | D:4      | Slain by Grinder

Illustrated notes

Levels and vault maps discovered:
D:1:      sevenhm_arrival_forest_fort_large_2, layout_basic,
          minmay_rat_gold_closets
D:2:      layout_basic, serial_shops, nicolae_shop_statue_plus,
          nrook_mini_vaults, uniq_sigmund
D:3:      layout_rooms, brannock_xom_greatest_gift, serial_shops,
          nicolae_shop_dealshenge, nicolae_houndstooth_variations
D:4:      layout_rooms, minmay_temple_entry_butterflies,
          serial_library_hellmonk_octagon, uniq_natasha, uniq_grinder

Skill      XL: |  1  2  3  4  5  6 |
---------------+-------------------+-----
Axes           | 3 4 5 |  5.9
Fighting       | 4 5 |  5.4
Armour         | |  3.2
Shields        | |  4.0

Action                     |  1- 3 |  4- 6 |  7- 9 || total
---------------------------+-------+-------+-------++-------
  Melee: War axe           |   118 |    11 |       ||   129
         Broad axe         |       |   116 |    21 ||   137
  Throw: Javelin           |       |       |     3 ||     3
Ability: Dig               |     1 |       |       ||     1
  Evoke: Wand              |       |       |     1 ||     1
    Use: Potion            |       |     1 |     3 ||     4
 Armour: Scale mail        |    68 |   123 |    30 ||   221
  Dodge: Dodged            |    59 |    76 |    16 ||   151
         Repelled          |       |     2 |       ||     2
  Block: Buckler           |    30 |    38 |     7 ||    75

Table legend: (Time is in decaauts)
 A = Elapsed time spent in this place.
 B = Non-inter-level travel time spent in this place.
 C = Inter-level travel time spent in this place.
 D = Time resting spent in this place.
 E = Time spent auto-exploring this place.
 F = Levels seen in this place.
 G = Mean time per level.
                   A        B        C        D        E       F      G
               +--------+--------+--------+--------+--------+-----+--------+
         Total |   2467 |   2376 |     91 |      0 |   1694 |   4 |  616.8 |
       Dungeon |   2467 |   2376 |     91 |      0 |   1694 |   4 |  616.8 |
               +--------+--------+--------+--------+--------+-----+--------+

Top non-repeatable levels by time:
     D:1: 934 daAuts
     D:2: 878 daAuts
     D:3: 490 daAuts
     D:4: 164 daAuts
